 Dungeon Crawl Stone Soup version 0.27-a0-1122-g2a214b436d (webtiles) character file.

Game seed: 1784052069463287768

64 DasRunzen the Magician (level 4, -12/32 HPs)
             Began as a Djinni Fire Elementalist on May 3, 2021.
             Mangled by an ice beast (13 damage)
             ... on level 3 of the Dungeon.
             The game lasted 00:06:23 (1876 turns).

DasRunzen the Magician (Djinni Fire Elementalist)   Turns: 1876, Time: 00:06:24

Health: -12/32     AC:  2    Str:  7    XL:     4   Next: 12%
Gold:   93         EV: 13    Int: 17    God:
                   SH:  0    Dex: 14

rFire    + + .     SeeInvis .   d - +1 spear (venom)
rCold    x . .     Faith    .   (no shield)
rNeg     . . .     Spirit   .   a - +0 robe
rPois    ∞         Reflect  .   (no helmet)
rElec    .         Harm     .   (no cloak)
rCorr    .         Rampage  .   (no gloves)
Will     .....                  (boots unavailable)
Stlth    ++........             (no amulet)
HPRegen  0.10/turn              (no ring)
MPRegen  0.00/turn              (no ring)

@: flying
A: fire resistance 2, cold vulnerability 1, float, innate caster, hp casting,
extra vitality 1
a: no special abilities


You were on level 3 of the Dungeon.
You visited 1 branch of the dungeon, and saw 3 of its levels.

You collected 93 gold pieces.

Inventory:

Hand Weapons
 d - a +1 spear of venom (weapon)
Armour
 a - a +0 robe (worn)
Wands
 g - a wand of flame (6)
Scrolls
 c - a scroll of identify
 e - 2 scrolls of fear
Potions
 b - a potion of heal wounds


   Skills:
 + Level 1.2 Fighting
 + Level 3.0 Dodging
 + Level 2.3 Stealth
 + Level 3.2 Spellcasting


You couldn't memorise any spells.
You knew the following spells:

 Your Spells              Type           Power      Damage    Failure   Level
a - Foxfire               Conj/Fire      52%        2x1d6     4%          1
b - Conjure Flame         Conj/Fire      13%        6-21      14%         3
c - Inner Flame           Hex/Fire       13%        N/A       14%         3
d - Sticky Flame          Conj/Fire      13%        2d4       41%         4
e - Fireball              Conj/Fire      6%         3d5       77%         5
f - Apportation           Tloc           26%        N/A       4%          1
Your spell library was empty.

Dungeon Overview and Level Annotations

Branches:
Dungeon (3/15)

Altars:


Innate Abilities, Weirdness & Mutations

You are immune to poison.
Your flesh is very heat resistant. (rF++)
You are vulnerable to cold. (rC-)
You float through the air rather than walking.
You learn spells naturally, not from books.
Your magical power is your life essence.
You have superior vitality. (+4 HP)


Message History

Casting: Foxfire (safe; 4% risk of failure)
Confirm with . or Enter, or press ? or * to list all spells.
You conjure some foxfire!
The foxfire hits the ice beast but does no damage.
The ice beast is lightly wounded.
The foxfire hits the ice beast but does no damage.
The ice beast is lightly wounded.
Casting: Foxfire (safe; 4% risk of failure)
Confirm with . or Enter, or press ? or * to list all spells.
You conjure some foxfire!
The ice beast barely misses you.
The foxfire hits the ice beast but does no damage.
The ice beast is lightly wounded.
The foxfire hits the ice beast!
The ice beast melts!
The ice beast is heavily wounded.
Casting: Foxfire (safe; 4% risk of failure)
Confirm with . or Enter, or press ? or * to list all spells.
You conjure some foxfire!
The ice beast hits you. The ice beast freezes you!
You feel a terrible chill!
* * * LOW HITPOINT WARNING * * *
The foxfire hits the ice beast but does no damage.
The ice beast is heavily wounded.
The foxfire hits the ice beast.
The ice beast melts!
The ice beast is severely wounded.
Casting: Foxfire (safe; 4% risk of failure)
Confirm with . or Enter, or press ? or * to list all spells.
You conjure some foxfire!
* * * LOW HITPOINT WARNING * * *
The ice beast closely misses you.
The foxfire hits the ice beast.
The ice beast is severely wounded.
The foxfire hits the ice beast.
The ice beast melts!
The ice beast is almost dead.
Casting: Foxfire (safe; 4% risk of failure)
Confirm with . or Enter, or press ? or * to list all spells.
You conjure some foxfire!
* * * LOW HITPOINT WARNING * * *
The ice beast hits you.
* * * LOW HITPOINT WARNING * * *
The ice beast freezes you!
You feel a terrible chill!
You die...

#.# ..... #.# .....
###.# ..... #.#.# #
....###.#.#
.........#.#
#.##.!..#.#
###...v§....#########
......v@Y.....>.....#
..#########.?.......#
+.........#
#.........#
...........#
!#####.....## ..
.....# . .....#
.....#


You could see an ice beast (ally target).

Vanquished Creatures
  2 adders (D:2)
  A worm (D:2)
  5 endoplasms
  4 goblins
  4 hobgoblins
  3 quokkas (D:1)
  6 ball pythons
  6 bats
  2 frilled lizards (D:1)
  5 kobolds
  6 rats
44 creatures vanquished.

Vanquished Creatures (others)
  68 foxfires
68 creatures vanquished.

Grand Total: 112 creatures vanquished

Notes
Turn   | Place    | Note
-------+----------+-------------------------------------------
     0 | D:1      | DasRunzen the Djinni Fire Elementalist began the quest for
                  | the Orb.
     0 | D:1      | Reached XP level 1. HP: 15/15 MP: 0/0
   205 | D:1      | Reached XP level 2. HP: 19/21 MP: 0/0
   668 | D:1      | Reached XP level 3. HP: 25/26 MP: 0/0
   668 | D:1      | Learned a level 1 spell: Apportation
  1155 | D:2      | Found a faded altar of an unknown god.
  1378 | D:2      | Reached skill level 1 in Fighting
  1514 | D:2      | Reached XP level 4. HP: 28/32 MP: 0/0
  1858 | D:3      | Noticed an ice beast
  1876 | D:3      | HP: 1/32 [ice beast (2)]
  1876 | D:3      | Mangled by an ice beast

Illustrated notes

Levels and vault maps discovered:
D:1:      wander_arrival_chamber, layout_rooms, minmay_pentomino_s4
D:2:      layout_basic, ebering_ecumenical_altar_mist
D:3:      layout_basic, tso_metal_star, ebering_ghost_gozag, nrook_mini_vaults,
          uniq_terence, uniq_grinder

Skill      XL: |  1  2  3 |
---------------+----------+-----
Stealth        | 2 |  2.3
Spellcasting   | 3 |  3.2
Fighting       | 1 |  1.2
Dodging        | 3 |  3.0

Action                   |  1- 3 |  4- 6 || total
-------------------------+-------+-------++-------
Melee: Spear             |    30 |     8 ||    38
 Cast: Foxfire           |    35 |     9 ||    44
  Use: Scroll            |     3 |     2 ||     5
 Stab: Sleeping          |     1 |     1 ||     2
Armor: Robe              |     6 |       ||     6
Dodge: Dodged            |    17 |     4 ||    21

Table legend: (Time is in decaauts)
 A = Elapsed time spent in this place.
 B = Non-inter-level travel time spent in this place.
 C = Inter-level travel time spent in this place.
 D = Time resting spent in this place.
 E = Time spent auto-exploring this place.
 F = Levels seen in this place.
 G = Mean time per level.
                   A        B        C        D        E       F      G
               +--------+--------+--------+--------+--------+-----+--------+
         Total |   1878 |   1811 |     67 |      0 |   1547 |   3 |  626.0 |
       Dungeon |   1878 |   1811 |     67 |      0 |   1547 |   3 |  626.0 |
               +--------+--------+--------+--------+--------+-----+--------+

Top non-repeatable levels by time:
     D:1: 958 daAuts
     D:2: 888 daAuts
     D:3: 31 daAuts
